 Dungeon Crawl Stone Soup version 0.26-a0-576-gcfaa98f945 (webtiles) character file.

Game seed: 3701203581247126551

611187 Hores the Pyromancer (level 27, -2/173 HPs)
             Began as a Gargoyle Earth Elementalist on Aug 22, 2020.
             Was the Champion of Vehumet.
             Killed from afar by Qumaaz's ghost (3 damage)
             ... with a chain lightning
             ... on level 9 of a ziggurat.
             The game lasted 02:55:23 (72726 turns).

Hores the Pyromancer (Gargoyle Earth Elementalist) Turns: 72726, Time: 02:55:24

Health: -2/173     AC: 48    Str: 18    XL:     27
Magic:  20/42      EV: 23    Int: 42    God:    Vehumet [******]
Gold:   14222      SH:  0    Dex: 16    Spells: 3/57 levels left

rFire    . . .     SeeInvis +   v - +11 great mace "Hellblazer" {flame, rElec Dex+2 SInv}
rCold    + . .     Faith    .   (shield currently unavailable)
rNeg     + + +     Spirit   .   Z - +7 faerie dragon scales {Rampage rElec rCorr Str+2 Int+6}
rPois    ∞         Reflect  .   O - +2 helmet {Int+3}
rElec    +         Harm     .   i - +2 cloak {MR+}
rCorr    +                      f - +2 pair of gloves
MR       +++..                  X - +2 pair of boots
Stlth    ++........             q - amulet of Muys {RegenMP rC+ Dex+4}
HPRegen  0.38/turn              Q - ring "Difeomm" {rPois rN+ Int+6}
MPRegen  0.53/turn              C - ring "Waudgh" {Wiz rN++}

@: berserk cooldown, flying, slowed, studying 2 skills, very slow
A: big wings, hooves 1, blink, negative energy resistance 1, electricity
resistance, strong 1, unbreathing, evolution 1, petrification resistance, rot
immunity, MP-powered wands, AC +20
}: 3/15 runes: barnacled, silver, gossamer
a: Stop Flying, Blink, Renounce Religion


You were on level 9 of a ziggurat.
You worshipped Vehumet.
Vehumet was exalted by your worship.
You visited 10 branches of the dungeon, and saw 48 of its levels.
You visited 1 bazaar.
You visited 1 ziggurat, and saw 9 of its levels.
You also visited: Gauntlet and Ice Cave.

You collected 17440 gold pieces.
You spent 3218 gold pieces at shops.

Inventory:

Hand Weapons
 v - the +11 great mace "Hellblazer" (weapon) {flame, rElec Dex+2 SInv}
   (You took it off an ogre on level 3 of the Dungeon)

   It has been specially enchanted to burn those struck by it, causing extra
   injury to most foes and up to half again as much damage against particularly
   susceptible opponents.
   It affects your dexterity (+2).
   It insulates you from electricity.
   It lets you see invisible.
 A - the +8 short sword "Zidev" {flame, +Inv rPois rC+}
   (You took it off the Enchantress on level 2 of the Depths)

   It has been specially enchanted to burn those struck by it, causing extra
   injury to most foes and up to half again as much damage against particularly
   susceptible opponents.
   It protects you from cold.
   It protects you from poison.
   It lets you turn invisible.
 H - a +6 eveningstar of protection
 V - a +5 demon whip
Armour
 f - a +2 pair of gloves (worn)
 i - a +2 cloak of magic resistance (worn)
 O - a +2 helmet of intelligence (worn)
 X - a +2 pair of boots (worn)
 Z - the +7 faerie dragon scales (worn) {Rampage rElec rCorr Str+2 Int+6}
   (You took it off the Enchantress on level 2 of the Depths)

   It affects your strength (+2).
   It affects your intelligence (+6).
   It insulates you from electricity.
   It provides partial protection from all sources of acid and corrosion.
   It bestows one free step when moving towards enemies.
Jewellery
 n - the ring "Ataroopi" {rPois MP+9 Dex+6}
   (You found it on level 2 of the Depths)

   [ring of poison resistance]

   It affects your dexterity (+6).
   It protects you from poison.
   It affects your magic capacity (+9).
 q - the amulet of Muys (around neck) {RegenMP rC+ Dex+4}
   (You found it on level 7 of a ziggurat)

   [amulet of magic regeneration]

   It increases your magic regeneration.
   It affects your dexterity (+4).
   It protects you from cold.
 C - the ring "Waudgh" (right hand) {Wiz rN++}
   (You found it in a Gauntlet)

   [ring of wizardry]

   It improves your spell success rate.
   It greatly protects you from negative energy.
 Q - the ring "Difeomm" (left hand) {rPois rN+ Int+6}
   (You found it in an ice cave)

   [ring of intelligence]

   It affects your intelligence (+6).
   It protects you from poison.
   It protects you from negative energy.
Wands
 a - a wand of disintegration (66)
 u - a wand of digging (19)
 x - a wand of iceblast (46)
 T - a wand of acid (46)
Scrolls
 g - 40 scrolls of teleportation
 k - 10 scrolls of amnesia
 l - 30 scrolls of remove curse
 s - 5 scrolls of magic mapping
 t - 5 scrolls of blinking
 z - 5 scrolls of summoning
 K - 11 scrolls of fog
 M - 11 scrolls of identify
 R - 3 scrolls of holy word
Potions
 b - a potion of invisibility
 d - 5 potions of brilliance
 j - 5 potions of heal wounds
 m - 2 potions of curing
 o - 6 potions of might
 r - 5 potions of resistance
 w - 3 potions of magic
 D - 8 potions of ambrosia
 F - 5 potions of berserk rage
 G - 5 potions of mutation
 U - 5 potions of stabbing
 Y - a potion of haste
Books
 c - a manual of Evocations
 P - a manual of Ice Magic
Miscellaneous
 e - a lightning rod (4/4)
 h - a box of beasts (2/3)
 p - a tin of tremorstones (3/3)
 E - a condenser vane (2/2)
 S - a phantom mirror


   Skills:
 + Level 17.8 Fighting
 + Level 16.5 Maces & Flails
 - Level 6.0 Armour
 + Level 15.7 Dodging
 - Level 2.1 Stealth
 + Level 15.9 Spellcasting
 + Level 18.3 Conjurations
 + Level 7.0 Necromancy
 + Level 7.1 Transmutations
 - Level 22.0 Fire Magic
 + Level 21.7 Earth Magic
 - Level 6.0 Evocations


You had 3 spell levels left.
You knew the following spells:

 Your Spells              Type           Power        Failure   Level
a - Shatter               Erth           ########..   1%          9
b - Stone Arrow           Conj/Erth      ######       0%          3
c - Lee's Rapid Deconstr  Erth           ########..   0%          5
d - Iron Shot             Conj/Erth      ########..   1%          6
e - Starburst             Conj/Fire      ########..   1%          6
f - Fire Storm            Conj/Fire      ########..   3%          9
g - Ignition              Fire           ########..   1%          8
i - Necromutation         Tmut/Necr      #######...   80%         8

Your spell library contained the following spells:

 Spells                   Type           Power        Failure   Level
 Chain Lightning          Conj/Air       #######...   17%         8
 Tornado                  Air            ####......   100%        9
 Foxfire                  Conj/Fire      ####         0%          1
 Magic Dart               Conj           ####         0%          1
 Sandblast                Erth           ######       0%          1
 Passwall                 Tmut/Erth      ########     0%          2
 Searing Ray              Conj           ######       0%          2
 Conjure Flame            Conj/Fire      ########     0%          3
 Animate Skeleton         Necr           ######       1%          1
 Apportation              Tloc           ####..       1%          1
 Beastly Appendage        Tmut           ######       1%          1
 Corona                   Hex            ####...      1%          1
 Pain                     Necr           ####         1%          1
 Shock                    Conj/Air       ####         1%          1
 Sting                    Tmut/Pois      ####         1%          1
 Summon Small Mammal      Summ           ####         1%          1
 Blink                    Tloc           N/A          1%          2
 Call Imp                 Summ           ####....     1%          2
 Corpse Rot               Necr/Air       N/A          1%          2
 Ensorcelled Hibernation  Hex/Ice        ####..       1%          2
 Poisonous Vapours        Pois/Air       ####..       1%          2
 Slow                     Hex            ####....     1%          2
 Swiftness                Air            ####....     1%          2
 Wereblood                Tmut           #######.     1%          2
 Call Canine Familiar     Summ           ####....     1%          3
 Dazzling Flash           Conj/Hex       ######       1%          3
 Frozen Ramparts          Ice            ####..       1%          3
 Gell's Gravitas          Tloc           ####......   1%          3
 Ignite Poison            Fire/Tmut/Pois #######.     1%          3
 Inner Flame              Hex/Fire       #######.     1%          3
 Lesser Beckoning         Tloc           ####......   1%          3
 Mephitic Cloud           Conj/Pois/Air  ######..     1%          3
 Portal Projectile        Hex/Tloc       ####..       1%          3
 Spider Form              Tmut/Pois      ######....   1%          3
 Static Discharge         Conj/Air       #######.     1%          3
 Summon Guardian Golem    Hex/Summ       ####....     1%          3
 Teleport Other           Tloc           ####....     1%          3
 Vampiric Draining        Necr           #######...   1%          3
 Sticky Flame             Conj/Fire      ########     0%          4
 Bolt of Magma            Conj/Fire/Erth ########..   0%          5
 Fireball                 Conj/Fire      ########..   0%          5
 Iskenderun's Battlesphe  Conj           ########     0%          5
 Airstrike                Air            ####......   1%          4
 Animate Dead             Necr           #######...   1%          4
 Fulminant Prism          Conj/Hex       #######...   1%          4
 Ice Form                 Ice/Tmut       ######..     1%          4
 Iskenderun's Mystic Bla  Conj/Tloc      #######.     1%          4
 Leda's Liquefaction      Hex/Erth       #######...   1%          4
 Olgreb's Toxic Radiance  Pois           ####....     1%          4
 Petrify                  Tmut/Erth      ########     1%          4
 Agony                    Necr           #######.     1%          5
 Blade Hands              Tmut           #######...   1%          5
 Borgnjor's Vile Clutch   Necr/Erth      ########..   1%          5
 Irradiate                Conj/Tmut      #######...   1%          5
 Lightning Bolt           Conj/Air       #######...   1%          5
 Yara's Violent Unravell  Hex/Tmut       ######....   1%          5
 Conjure Ball Lightning   Conj/Air       #######...   1%          6
 Freezing Cloud           Conj/Ice/Air   ######....   1%          6
 Orb of Destruction       Conj           ########..   1%          7
 Spellforged Servitor     Conj/Summ      #######...   2%          7
 Death Channel            Necr           #######...   3%          6
 Hydra Form               Tmut           #######...   3%          6
 Cause Fear               Hex            ####......   4%          4
 Passage of Golubria      Tloc           N/A          4%          4
 Summon Ice Beast         Ice/Summ       ####....     4%          4
 Summon Lightning Spire   Summ/Air       ####....     4%          4
 Metabolic Englaciation   Hex/Ice        ####......   12%         5
 Silence                  Hex/Air        ####......   12%         5
 Summon Demon             Summ           ####......   12%         5
 Summon Forest            Summ/Tloc      ####......   12%         5
 Summon Mana Viper        Hex/Summ       ####....     12%         5
 Eringya's Noxious Bog    Tmut/Pois      ######....   16%         6
 Simulacrum               Ice/Necr       ######....   16%         6
 Dragon Form              Tmut           #######...   19%         7
 Dispersal                Tloc           ####......   52%         6
 Invisibility             Hex            ####....     52%         6
 Shadow Creatures         Summ           N/A          52%         6
 Haunt                    Necr/Summ      ######....   61%         7
 Borgnjor's Revivificati  Necr           #######...   80%         8
 Infestation              Necr           #######...   80%         8
 Malign Gateway           Summ/Tloc      ####......   97%         7
 Monstrous Menagerie      Summ           ####......   97%         7
 Summon Greater Demon     Summ           ####......   97%         7
 Summon Hydra             Summ           ####......   97%         7
 Discord                  Hex            ####......   100%        8
 Summon Horrible Things   Summ           ####......   100%        8
 Death's Door             Necr           #######...   100%        9
 Dragon's Call            Summ           ####......   100%        9
 Statue Form              Tmut/Erth      Unusable     N/A         6

Dungeon Overview and Level Annotations

Branches:
Dungeon (15/15)            Temple (1/1) D:6            Lair (6/6) D:8
 Shoals (4/4) Lair:2       Spider (4/4) Lair:4        Slime (0/5) Lair:6
    Orc (2/2) D:11            Elf (3/3) Orc:2        Vaults (5/5) D:14
  Crypt (3/3) Vaults:3       Tomb (0/3) Crypt:3      Depths (5/5) D:15
    Zot (0/5) Depths:5      IceCv (visited)         Gauntlet (visited)

Altars:
Ashenzari
Cheibriados
Dithmenos
Elyvilon
Fedhas
Gozag
Hepliaklqana
Kikubaaqudgha
Makhleb
Nemelex Xobeh
Okawaru
Qazlal
Ru
Sif Muna
Trog
Uskayaw
Vehumet
Wu Jian
Xom
Yredelemnul
Zin
The Shining One
Beogh
Jiyva
Lugonu

Shops:
D:4 :   D:9 =   Orc:1 (   Orc:2 ((![   Elf:2 :   Elf:3 ?   Shoals:1 *
Vaults:2 ?

Portals:
Hell: Depths:1 Depths:2 Depths:3 Depths:4 Depths:5
Abyss: Shoals:3 Depths:3 Depths:4
Pandemonium: Depths:3 Depths:4

Annotations:
Elf:2 5 runed translucent doors
Zig:9 Qumaaz's ghost, legendary HuIE


Innate Abilities, Weirdness & Mutations

You are resistant to torment.
Your stone body is resilient. (AC +20)
You are immune to poison.
Your large and strong wings let you fly indefinitely.
You resist negative energy. (rN+)
You are resistant to electric shocks. (rElec)
You can survive without breathing.
You are immune to petrification.
You are immune to rotting.
You have large cloven feet.
You can translocate small distances at will.
Your muscles are strong. (Str +2)
You evolve.
You expend magic power (3 MP) to strengthen your wands.


Message History

* * * LOW HITPOINT WARNING * * *
The lightning arc hits Qumaaz's ghost.
Qumaaz's ghost completely resists.
The lightning arc hits you. You resist.
* * * LOW HITPOINT WARNING * * *
The lightning arc hits Qumaaz's ghost.
Qumaaz's ghost resists.
You hit Qumaaz's ghost but do no damage.
Qumaaz's ghost is heavily damaged.
Qumaaz's ghost mumbles some strange words.
You hear a mighty clap of thunder!
The lightning arc hits you! You resist.
* * * LOW HITPOINT WARNING * * *
The lightning arc hits Qumaaz's ghost but does no damage.
The lightning arc hits you. You resist.
* * * LOW HITPOINT WARNING * * *
The lightning arc hits Qumaaz's ghost.
Qumaaz's ghost completely resists.
The lightning arc hits you! You resist.
* * * LOW HITPOINT WARNING * * *
The lightning arc hits Qumaaz's ghost.
Qumaaz's ghost completely resists.
The lightning arc hits you. You resist.
You die...

▓▓▓▓▓▓▓▓▓▓▓
▓.........▓
▓▓▓▓▓.........▓▓▓▓▓
▓.................▓
▓...........†.†...▓
▓............†..}!▓
▓...............:∩▓
▓∩........§@...==>▓
▓..........W....)∩▓
▓..........)....)}▓
▓.................▓
▓.................▓
▓▓▓▓▓.........▓▓▓▓▓
▓.........▓
▓▓▓▓▓▓▓▓▓▓▓


You could see Qumaaz's ghost (swift, gusty).

Vanquished Creatures
  2 pandemonium lords (Zig:8)
  4 ancient liches
  A juggernaut (Depths:4)
  A Killer Klown (Zig:7)
  A golden dragon (shapeshifter) (Vaults:1)
  the Enchantress (Depths:2)
  5 golden dragons
  Arachne (Spider:2)
  3 bone dragons
  4 liches
  5 tentacled monstrosities
  7 titans
  An Ice Fiend (Depths:1)
  5 deep elf blademasters
  The ghost of Erghig the Lord of Darkness, an adept DrIE of Kikubaaqudgha (Vaults:4)
  3 deep elf master archers (Elf:3)
  2 tentacled starspawn (Shoals:3)
  4 ancient champions
  A quicksilver dragon (Vaults:5)
  A sphinx (shapeshifter) (Zig:8)
  6 sphinxes
  An acid blob (Zig:4)
  6 storm dragons
  Kirke (Spider:4)
  10 shadow dragons
  Roxanne (Shoals:4)
  The ghost of Ge0ff the Slicer, an adept DrBr of Uskayaw (Shoals:3)
  Donald (Crypt:2)
  9 tengu reavers
  3 draconian monks
  A revenant (Zig:9)
  Ilsuiw (Shoals:3)
  10 frost giants
  An azure jelly (Zig:4)
  2 balrugs
  11 fire giants
  5 iron dragons
  A draconian scorcher (Zig:6)
  Aizul (Shoals:1)
  A ghost moth (Spider:4)
  An orc warlord (Orc:1)
  13 vault wardens
  5 curse skulls
  7 deep elf sorcerers
  A deep elf elementalist (Elf:3)
  6 emperor scorpions
  An angel (Depths:5)
  A draconian shifter (Zig:6)
  8 war gargoyles
  A ghoul (Vaults:3)
  11 ironheart preservers
  6 caustic shrike skeletons (Depths:2)
  A reaper (Zig:8)
  A draconian annihilator (Zig:6)
  21 stone giants
  23 very ugly things
  7 spriggan defenders
  A green draconian (Zig:6)
  12 vampire knights
  5 entropy weavers
  6 deep elf demonologists
  A minotaur (Gauntlet)
  7 dire elephants
  4 deep elf annihilators
  A white draconian (Zig:6)
  2 yellow draconians (Depths:5)
  A purple draconian (Depths:5)
  7 spark wasps
  10 deep elf death magi
  11 merfolk impalers
  6 merfolk javelineers
  5 jiangshi
  A green death (Depths:3)
  4 crystal guardians
  13 ettins
  5 eidola
  10 ogre magi
  9 fire dragons
  5 great orbs of eyes
  A quicksilver dragon zombie (Crypt:2)
  A great orb of eyes (shapeshifter) (Vaults:5)
  4 deep elf high priests
  9 rakshasas
  A catoblepas (Lair:3)
  Fannar (D:12)
  46 vault guards
  19 ice dragons
  12 yaktaur captains
  A monstrous demonspawn (Depths:3)
  3 hell beasts
  8 hydras
  8 spriggan air magi
  An anaconda (Lair:6)
  11 centaur warriors
  A two-headed ogre (shapeshifter) (Vaults:5)
  An alligator snapping turtle (Shoals:4)
  5 deep troll shamans
  A merfolk avatar (Shoals:4)
  3 death yaks (Depths:2)
  2 death knights
  A tengu warrior (Depths:4)
  An alligator (shapeshifter) (Vaults:5)
  2 merfolk aquamancers
  7 vampire magi
  27 two-headed ogres
  9 orc high priests
  4 thrashing horrors (Shoals:3)
  A shock serpent (shapeshifter) (Vaults:4)
  8 deep troll earth magi
  8 spriggan berserkers
  21 dancing weapons
  8 death scarabs (Spider:4)
  Urug (Lair:5)
  25 deep elf knights
  2 sun demons (Depths:1)
  2 storm dragon zombies
  2 iron trolls
  A wretched star (Shoals:3)
  A fire crab (shapeshifter) (Vaults:4)
  10 hell knights
  A titan skeleton (Crypt:3)
  3 shadow wraiths
  8 glowing orange brains
  29 deep trolls
  3 flayed ghosts
  26 skeletal warriors
  8 sea snakes
  2 obsidian statues (Zig:5)
  7 wizards
  2 golden dragon zombies (Crypt:3)
  A glowing orange brain (shapeshifter) (Depths:5)
  7 spriggan druids (Depths:2)
  15 deep elf archers
  A lindwurm (shapeshifter) (Vaults:5)
  A kraken simulacrum (Shoals:4)
  5 orange crystal statues
  A harpy (shapeshifter) (Vaults:4)
  2 unseen horrors
  17 harpies
  12 necromancers
  5 spectral wolf spiders (Spider:4)
  17 orb spiders
  4 wolf spider zombies (Spider:4)
  15 ironbrand convokers
  12 phantasmal warriors
  A shining eye (shapeshifter) (Vaults:5)
  4 orc sorcerers
  2 oklob plants
  11 cyclopes
  A faun (shapeshifter) (Depths:5)
  8 fauns (Shoals:1)
  28 wolf spiders
  10 manticores
  62 ugly things
  16 orc knights
  A fire giant zombie (Vaults:4)
  58 deep elf magi
  20 slime creatures
  2 frost giant skeletons
  3 cyclopes (shapeshifter)
  6 ice statues
  4 elephants (Lair:6)
  A human skeleton (Vaults:3)
  An elephant (shapeshifter) (Elf:2)
  A rust devil (Crypt:2)
  A water nymph (shapeshifter) (Vaults:2)
  3 moths of wrath
  5 black mambas
  A guardian serpent (Vaults:4)
  23 vault sentinels
  A fire giant skeleton (Crypt:3)
  7 water nymphs
  8 merfolk sirens
  2 torpor snails
  A cane toad (shapeshifter) (Depths:4)
  5 spectral swamp worms (Depths:3)
  5 apocalypse crabs
  2 orange demons (Depths:3)
  7 cane toads
  A dire elephant skeleton (Crypt:3)
  A titan simulacrum (Vaults:4)
  A rime drake (shapeshifter) (Vaults:3)
  16 demonic crawlers
  A hellion (Crypt:2)
  4 spectral redbacks (Spider:4)
  Maggie (D:8)
  4 rime drakes
  A white draconian zombie (Crypt:1)
  13 komodo dragons
  47 yaktaurs
  2 redback zombies (Spider:4)
  17 freezing wraiths
  2 komodo dragons (shapeshifter)
  4 ice devils
  26 merfolk
  A minotaur skeleton (Crypt:1)
  2 jumping spiders (shapeshifter)
  2 meliai (shapeshifter)
  4 tengu conjurers
  26 jumping spiders
  4 polar bears
  3 meliai (D:13)
  3 spectral jumping spiders (Spider:4)
  2 spectral tarantellas (Spider:4)
  A hydra zombie (Crypt:3)
  A wind drake (shapeshifter) (D:14)
  8 wind drakes
  10 trolls
  A large abomination (Gauntlet)
  29 hornets
  2 hornets (shapeshifter)
  10 blink frogs
  A blink frog (shapeshifter) (Depths:5)
  A hippogriff (shapeshifter) (Depths:1)
  A tyrant leech (D:14)
  2 ice dragon zombies (Crypt:3)
  2 snapping turtles
  3 tarantella zombies (Spider:4)
  6 hippogriffs
  7 dream sheep
  42 flying skulls
  A jumping spider zombie (Spider:4)
  82 redbacks
  A redback (shapeshifter) (Elf:1)
  An alligator skeleton (Crypt:3)
  5 air elementals
  4 vampires
  31 tarantellas
  4 starcursed masses (Shoals:3)
  An ettin skeleton (Crypt:3)
  43 spriggans
  18 water elementals
  2 shadows
  8 wraiths
  51 yaks
  4 wyverns
  3 fire elementals
  A hog (Spider:4)
  6 basilisks
  A basilisk (shapeshifter) (Vaults:5)
  A human (Spider:4)
  A yaktaur simulacrum (Vaults:3)
  A golden eye (Zig:4)
  A hog (shapeshifter) (Vaults:2)
  The ghost of rasy the Bolt Thrower, an amateur MiHu (D:3)
  A black mamba skeleton (Crypt:3)
  An elf skeleton (Vaults:5)
  11 wargs
  7 vampire mosquitoes (D:14)
  6 chaos spawn
  A warg (shapeshifter) (Vaults:2)
  3 acid dragons
  2 swamp worms (Lair:2)
  A faun zombie (Crypt:1)
  A deep troll skeleton (Vaults:3)
  2 floating eyes (Depths:3)
  A hell hound (Gauntlet)
  A porcupine (shapeshifter) (Depths:3)
  2 spectral hornets (Spider:4)
  9 water moccasins
  A faun skeleton (Crypt:2)
  2 small abominations (Gauntlet)
  12 porcupines
  A gelid demonspawn skeleton (Crypt:2)
  A water nymph skeleton (Crypt:2)
  21 ice beasts
  A blink frog zombie (Crypt:2)
  37 ogres
  41 orc warriors
  An ice beast (shapeshifter) (D:15)
  4 necrophages
  2 eyes of draining
  4 human zombies
  7 sky beasts
  24 centaurs
  A phantom (D:4)
  15 boggarts
  A swamp dragon skeleton (Crypt:1)
  18 wolves
  12 crocodiles
  A blink frog skeleton (Crypt:1)
  A big kobold (D:12)
  A salamander zombie (Crypt:2)
  16 bullfrogs
  A gnoll sergeant (D:9)
  An earth elemental (Elf:1)
  An elf zombie (Crypt:2)
  2 wyvern zombies
  2 scorpions
  6 killer bees (D:8)
  14 wights
  A human simulacrum (Vaults:4)
  12 howler monkeys
  2 wolf zombies
  9 electric eels
  A lava snake (D:10)
  5 centaur zombies
  2 crimson imps (Depths:3)
  A bullfrog zombie (D:5)
  2 quasits
  A hound (shapeshifter) (Vaults:4)
  44 orc priests
  28 orc wizards
  3 hounds
  7 iron imps
  A jelly (D:12)
  3 bullfrog skeletons
  4 centaur skeletons
  8 worker ants
  A hound zombie (D:5)
  A hound skeleton (D:4)
  2 worker ant zombies
  7 gnolls
  15 adders
  2 shadow imps (Depths:3)
  4 white imps
  An ufetubus (D:5)
  An ooze (D:4)
  3 worms
  8 leopard geckos
  132 orcs
  A ball python (D:3)
  13 bats
  9 giant cockroaches
  7 goblins
  15 hobgoblins
  14 jackals
  6 quokkas
  2 frilled lizards
  A giant cockroach zombie (D:5)
  A gnoll skeleton (Crypt:2)
  2 jackal skeletons
  16 kobolds
  14 rats
  3 bushes
  6 crawling corpses
  7 fire vortices (Zig:8)
  13 plants
  2 starspawn tentacles (Shoals:3)
2492 creatures vanquished.

Vanquished Creatures (collateral kills)
  A deep elf master archer (Elf:3)
1 creature vanquished.

Vanquished Creatures (others)
  A revenant (Zig:9)
  An eidolon (Zig:9)
  2 ghost crabs (Zig:9)
  A redback (Spider:1)
  2 water elementals
  A human (Spider:4)
  A water moccasin (Lair:6)
  An electric eel (D:11)
  An orc wizard (D:4)
  31 fire vortices
  41 fungi
  97 plants
  3 starspawn tentacles (Shoals:3)
  4 tentacles (Shoals:4)
  3 toadstools (D:4)
  68 withered plants (Crypt:1)
258 creatures vanquished.

Grand Total: 2751 creatures vanquished

Notes
Turn   | Place    | Note
-------+----------+-------------------------------------------
     0 | D:1      | Hores the Gargoyle Earth Elementalist began the quest for
                  | the Orb.
     0 | D:1      | Reached XP level 1. HP: 10/10 MP: 3/3
   176 | D:1      | Reached XP level 2. HP: 15/15 MP: 0/5
   557 | D:1      | Reached XP level 3. HP: 12/19 MP: 4/6
   575 | D:1      | Learned a level 3 spell: Stone Arrow
   948 | D:1      | You fall into a shaft and drop 1 floor!
  1409 | D:2      | Reached skill level 1 in Conjurations
  1409 | D:2      | Reached XP level 4. HP: 11/24 MP: 3/8
  1504 | D:2      | Found a hide-covered altar of Uskayaw.
  1505 | D:2      | Found a hazy altar of Hepliaklqana.
  1535 | D:2      | Found a shimmering blue altar of Sif Muna.
  1693 | D:2      | Found a glowing golden altar of the Shining One.
  2363 | D:3      | Reached skill level 5 in Earth Magic
  2458 | D:3      | Found a white marble altar of Elyvilon.
  2666 | D:3      | Reached XP level 5. HP: 28/28 MP: 9/9
  2674 | D:3      | Learned a level 5 spell: Lee's Rapid Deconstruction
  2818 | D:3      | Found a transporter.
  2818 | D:3      | Noticed an ogre
  2818 | D:3      | Noticed rasy's ghost (amateur MiHu)
  2818 | D:3      | Identified the +11 great mace "Hellblazer" {flame, rElec
                  | Dex+2 SInv}
  2818 | D:3      | Noticed an ogre
  2819 | D:3      | Noticed an ogre
  2835 | D:3      | Found a transporter.
  3091 | D:4      | Found a shimmering altar of Xom.
  3252 | D:4      | Reached XP level 6. HP: 24/32 MP: 11/11
  3391 | D:4      | Gained mutation: You expend magic power (3 MP) to
                  | strengthen your wands. [potion of mutation]
  3391 | D:4      | Gained mutation: You have sharp fingernails. [potion of
                  | mutation]
  3772 | D:4      | Reached XP level 7. HP: 36/36 MP: 8/13
  4113 | D:4      | Found Qooriy's Book Shop.
  4580 | D:5      | Entered Level 5 of the Dungeon
  4626 | D:5      | Reached skill level 5 in Spellcasting
  4666 | D:5      | Reached XP level 8. HP: 42/42 MP: 11/15
  4704 | D:5      | Reached skill level 1 in Armour
  4759 | D:5      | Reached skill level 1 in Fighting
  4759 | D:5      | Reached skill level 1 in Maces & Flails
  4759 | D:5      | Reached skill level 5 in Conjurations
  4759 | D:5      | Reached skill level 1 in Evocations
  5685 | D:3      | Killed rasy's ghost
  5685 | D:3      | Reached XP level 9. HP: 46/49 MP: 1/17
  5850 | D:6      | Found a bloodstained altar of Trog.
  6049 | D:6      | Found a staircase to the Ecumenical Temple.
  6073 | Temple   | Entered the Ecumenical Temple
  6080 | Temple   | Became a worshipper of Vehumet
  7253 | D:8      | Reached * piety under Vehumet
  7253 | D:8      | Offered knowledge of Shock by Vehumet.
  7254 | D:8      | Reached XP level 10. HP: 41/56 MP: 19/19
  7331 | D:8      | Found a staircase to the Lair.
  7472 | D:8      | Noticed Maggie
  7479 | D:8      | Killed Maggie
  8118 | D:9      | Noticed a rakshasa
  8312 | D:9      | Found an opulent altar of Gozag.
  8312 | D:9      | Found Ydygg's Jewellery Shop.
  8486 | D:9      | Found a shattered altar of Ashenzari.
  8487 | D:9      | Found a bloodstained altar of Trog.
  8487 | D:9      | Found a white marble altar of Elyvilon.
  8565 | D:9      | Got a transparent ivory ring
  8576 | D:9      | Identified the ring of Rawex {rC- MR+ Dex+6 Stlth-} (You
                  | found it on level 9 of the Dungeon)
  8757 | D:10     | Entered Level 10 of the Dungeon
  9261 | D:10     | Reached skill level 5 in Armour
  9632 | D:10     | Noticed a two-headed ogre
  9638 | D:10     | Killed a two-headed ogre
  9638 | D:10     | Reached skill level 5 in Fighting
  9638 | D:10     | Reached XP level 11. HP: 63/63 MP: 16/21
  9821 | D:11     | Offered knowledge of Searing Ray by Vehumet.
  9826 | D:11     | Noticed a wizard
  9828 | D:11     | Noticed a deep elf mage
  9834 | D:11     | Killed a wizard
  9834 | D:11     | Reached ** piety under Vehumet
  9834 | D:11     | Noticed a wizard
  9841 | D:11     | Killed a wizard
  9841 | D:11     | Reached skill level 5 in Maces & Flails
  9857 | D:11     | Noticed a wizard
  9860 | D:11     | Killed a wizard
 10025 | D:11     | Identified the Grimoire of Axaxaxas mlö
 10036 | D:11     | Identified the Handbook of Dhcmrlchtdj
 10058 | D:11     | Identified the Tome of Sand
 10202 | D:11     | Reached skill level 5 in Evocations
 10661 | D:11     | Found a staircase to the Orcish Mines.
 10771 | D:11     | Noticed a seven-headed hydra
 10781 | D:11     | Killed a seven-headed hydra
 10781 | D:11     | Reached skill level 5 in Dodging
 11265 | D:12     | Offered knowledge of Mephitic Cloud by Vehumet.
 11293 | D:12     | Noticed a purple ugly thing
 11314 | D:12     | Reached skill level 10 in Earth Magic
 11314 | D:12     | Killed a purple ugly thing
 11397 | D:12     | Killed a rakshasa
 11402 | D:12     | Reached XP level 12. HP: 69/71 MP: 4/23
 11586 | D:12     | Reached *** piety under Vehumet
 11989 | D:12     | Noticed Fannar
 11997 | D:12     | Offered knowledge of Sticky Flame by Vehumet.
 11999 | D:12     | Killed Fannar
 12351 | D:13     | Noticed a centaur warrior
 12359 | D:13     | Killed a centaur warrior
 12452 | D:13     | Reached **** piety under Vehumet
 12737 | D:13     | Noticed a centaur warrior
 12737 | D:13     | Noticed a two-headed ogre
 12744 | D:13     | Killed a centaur warrior
 12752 | D:13     | Killed a two-headed ogre
 12860 | D:13     | Offered knowledge of Hailstorm by Vehumet.
 13109 | D:13     | Reached XP level 13. HP: 34/78 MP: 25/25
 13191 | D:14     | Found a flickering gateway to a bazaar.
 13214 | D:14     | Noticed a vault guard
 13216 | D:14     | Noticed a vault guard
 13217 | Bazaar   | Entered a bazaar
 13260 | Bazaar   | Found Naeruc's Weapon Shoppe.
 13260 | Bazaar   | Found Okes's Book Shoppe.
 13296 | Bazaar   | Found Vacem's Magic Scroll Emporium.
 13296 | Bazaar   | Found Guicw's Magic Scroll Emporium.
 13314 | Bazaar   | Bought a scroll of identify for 38 gold pieces
 13327 | Bazaar   | Bought a scroll of blinking for 90 gold pieces
 13327 | Bazaar   | Bought a scroll of teleportation for 36 gold pieces
 13327 | Bazaar   | Bought a scroll of identify for 24 gold pieces
 13327 | Bazaar   | Bought a scroll of teleportation for 36 gold pieces
 13327 | Bazaar   | Bought a scroll of identify for 24 gold pieces
 13327 | Bazaar   | Bought a scroll of identify for 24 gold pieces
 13327 | Bazaar   | Bought a scroll of identify for 24 gold pieces
 13340 | Bazaar   | Bought a scroll of magic mapping for 66 gold pieces
 13340 | Bazaar   | Bought a scroll of immolation for 66 gold pieces
 13340 | Bazaar   | Bought a scroll of teleportation for 57 gold pieces
 13421 | D:14     | Found a gate to the Vaults.
 13465 | D:14     | Found a frozen archway.
 13466 | D:14     | Noticed an ice dragon
 13478 | D:14     | Killed an ice dragon
 13487 | IceCv    | Entered an ice cave
 13924 | IceCv    | Noticed an ice dragon
 13925 | IceCv    | Noticed an ice dragon
 13945 | IceCv    | Killed an ice dragon
 13948 | IceCv    | Killed an ice dragon
 14147 | IceCv    | Got a transparent pewter ring
 14149 | IceCv    | Identified the ring "Difeomm" {rPois rN+ Int+6} (You found
                  | it in an ice cave)
 14482 | D:14     | Reached skill level 10 in Conjurations
 14554 | D:14     | Noticed a vault guard
 14555 | D:14     | Noticed a vault guard
 14576 | D:14     | Killed a vault guard
 14580 | D:14     | Killed a vault guard
 14608 | D:14     | Reached ***** piety under Vehumet
 14627 | D:14     | Learned a level 7 spell: Orb of Destruction
 14660 | D:14     | Offered knowledge of Conjure Ball Lightning by Vehumet.
 14677 | D:14     | Killed a vault guard
 14789 | D:14     | Noticed a vault guard
 14855 | D:14     | Noticed a vampire knight
 14872 | D:14     | Killed a vault guard
 14872 | D:14     | Killed a vampire knight
 15018 | D:14     | Noticed a vault guard
 15048 | D:14     | Killed a vault guard
 15082 | D:14     | Noticed a vault guard
 15108 | D:14     | Killed a vault guard
 15108 | D:14     | Gained mutation: Your large and strong wings let you fly
                  | indefinitely. [Gargoyle growth]
 15108 | D:14     | Reached XP level 14. HP: 35/86 MP: 18/27
 15496 | D:14     | Noticed a vampire knight
 15520 | D:14     | Found the +12 Vampire's Tooth {vamp}
 15544 | D:14     | Killed a vampire knight
 15561 | D:14     | Found a roughly hewn altar of Beogh.
 15980 | Lair:1   | Entered Level 1 of the Lair of Beasts
 16790 | Lair:2   | Found a gate leading to a gauntlet.
 16831 | Gauntlet | Entered a Gauntlet
 16831 | Gauntlet | Found a transporter.
 16831 | Gauntlet | Found a transporter.
 16835 | Gauntlet | Found a transporter.
 16835 | Gauntlet | Found a transporter.
 16844 | Gauntlet | Found a transporter.
 16860 | Gauntlet | Noticed a reaper
 16863 | Gauntlet | Found a transporter.
 16873 | Gauntlet | Found a transporter.
 16873 | Gauntlet | Found a transporter.
 16897 | Gauntlet | Found a transporter.
 16904 | Gauntlet | Found a transporter.
 16916 | Gauntlet | Found a transporter.
 16934 | Gauntlet | Found a transporter.
 16977 | Gauntlet | Found a transporter.
 16991 | Gauntlet | Found a transporter.
 17092 | Gauntlet | Found a transporter.
 17114 | Gauntlet | Found a transporter.
 17716 | Gauntlet | Got a warped bone ring
 17717 | Gauntlet | Identified the ring "Waudgh" {Wiz rN++} (You found it in a
                  | Gauntlet)
 18302 | Lair:2   | Offered knowledge of Iron Shot by Vehumet.
 18320 | Lair:2   | Learned a level 6 spell: Iron Shot
 18565 | Lair:2   | Reached skill level 10 in Fighting
 18759 | Lair:2   | Found a staircase to the Shoals.
 19322 | Lair:3   | Reached skill level 10 in Spellcasting
 21681 | Lair:4   | Found a hole to the Spider Nest.
 22226 | Lair:5   | Reached XP level 15. HP: 93/93 MP: 17/29
 22393 | Lair:5   | Reached skill level 5 in Fire Magic
 22393 | Lair:5   | Reached XP level 16. HP: 98/98 MP: 30/30
 22699 | Lair:5   | Noticed Urug
 22705 | Lair:5   | Killed Urug
 23037 | Lair:6   | Entered Level 6 of the Lair of Beasts
 23073 | Lair:6   | Offered knowledge of Fireball by Vehumet.
 23181 | Lair:6   | Learned a level 5 spell: Fireball
 23275 | Lair:6   | Reached skill level 6 in Fire Magic
 23910 | Lair:6   | Found a viscous altar of Jiyva.
 23910 | Lair:6   | Found a staircase to the Slime Pits.
 24430 | Lair:6   | Reached skill level 7 in Fire Magic
 24857 | Lair:6   | Reached skill level 8 in Fire Magic
 24927 | Lair:6   | Identified the Tome of the Congealing Traveller
 24938 | Lair:6   | Learned a level 6 spell: Starburst
 25371 | Orc:1    | Entered Level 1 of the Orcish Mines
 25506 | Orc:1    | Reached skill level 9 in Fire Magic
 25692 | Orc:2    | Entered Level 2 of the Orcish Mines
 25837 | Orc:1    | Found Peucou Ulom's Antique Weapon Shop.
 26128 | Orc:2    | Found a staircase to the Elven Halls.
 26395 | Orc:2    | Reached skill level 10 in Fire Magic
 26605 | Orc:2    | Found Qaqontup's Antique Weapon Shoppe.
 26605 | Orc:2    | Found Fyxeocs's Weapon Shop.
 26640 | Orc:2    | Found a roughly hewn altar of Beogh.
 26769 | Orc:2    | Found Nuunwoem's Armour Shoppe.
 26769 | Orc:2    | Found Lemul's Distillery.
 26791 | Orc:2    | Bought a potion of might for 64 gold pieces
 26791 | Orc:2    | Bought a potion of curing for 48 gold pieces
 26791 | Orc:2    | Bought a potion of mutation for 128 gold pieces
 26791 | Orc:2    | Bought a potion of heal wounds for 80 gold pieces
 26791 | Orc:2    | Bought a potion of curing for 48 gold pieces
 26791 | Orc:2    | Bought a potion of magic for 128 gold pieces
 26791 | Orc:2    | Bought a potion of berserk rage for 80 gold pieces
 26791 | Orc:2    | Bought a potion of brilliance for 64 gold pieces
 27170 | D:15     | Entered Level 15 of the Dungeon
 27522 | D:15     | Offered knowledge of Ozocubu's Refrigeration by Vehumet.
 27550 | D:15     | Reached skill level 11 in Fire Magic
 27567 | D:15     | Found a staircase to the Depths.
 28099 | D:15     | Reached skill level 12 in Fire Magic
 28848 | Spider:1 | Entered Level 1 of the Spider Nest
 28872 | Spider:1 | Reached XP level 17. HP: 19/103 MP: 21/31
 29436 | Spider:1 | Reached skill level 13 in Fire Magic
 30181 | Spider:1 | Offered knowledge of Lightning Bolt by Vehumet.
 30329 | Spider:1 | Identified a scroll of acquirement
 30329 | Spider:1 | Acquired 1500 gold pieces
 30497 | Spider:2 | Reached skill level 14 in Fire Magic
 31091 | Spider:2 | Acquired 560 gold pieces
 31166 | Spider:2 | Reached skill level 10 in Maces & Flails
 31609 | Spider:2 | Noticed Arachne
 31617 | Spider:2 | Killed Arachne
 33511 | Spider:4 | Entered Level 4 of the Spider Nest
 33652 | Shoals:1 | Entered Level 1 of the Shoals
 33874 | Shoals:1 | Reached ****** piety under Vehumet
 34203 | Shoals:1 | Noticed Aizul
 34227 | Shoals:1 | Killed Aizul
 34367 | Shoals:1 | Reached XP level 18. HP: 89/110 MP: 32/32
 34805 | Shoals:1 | Found Lywuher's General Store.
 34814 | Shoals:1 | Bought a potion of heal wounds for 60 gold pieces
 34814 | Shoals:1 | Bought a scroll of immolation for 42 gold pieces
 34814 | Shoals:1 | Bought a scroll of identify for 24 gold pieces
 34889 | Shoals:2 | Offered knowledge of Irradiate by Vehumet.
 36290 | Shoals:3 | Identified the +5 trident "Imosk" {distort, rPois MR- Str+5
                  | Int+2}
 36297 | Shoals:3 | Found a transporter.
 36298 | Shoals:3 | Noticed Ge0ff's ghost (adept DrBr)
 36307 | Shoals:3 | Found a one-way gate to the infinite horrors of the Abyss.
 36363 | Shoals:3 | Found a transporter.
 36996 | Shoals:3 | Noticed Ilsuiw
 37007 | Shoals:3 | Killed Ilsuiw
 37455 | Elf:1    | Entered Level 1 of the Elven Halls
 37836 | Orc:2    | Reached skill level 15 in Fire Magic
 37909 | Elf:1    | Learned a level 8 spell: Ignition
 38381 | Elf:1    | Acquired 560 gold pieces
 38456 | Elf:1    | Offered knowledge of Lehudib's Crystal Spear by Vehumet.
 39937 | Elf:2    | Noticed a deep elf blademaster
 39941 | Elf:2    | Killed a deep elf blademaster
 40402 | Elf:2    | Reached XP level 19. HP: 116/116 MP: 34/34
 40553 | Elf:2    | Found a huge runed translucent gate.
 40553 | Elf:2    | Found a huge runed translucent gate.
 40553 | Elf:2    | Found a huge runed translucent gate.
 40573 | Elf:2    | Found a huge runed translucent gate.
 40573 | Elf:2    | Found a huge runed translucent gate.
 40689 | Elf:2    | Found Xayqacla's Book Shoppe.
 40833 | Elf:3    | Entered Level 3 of the Elven Halls
 41121 | Elf:3    | Found Tisohuc's Magic Scroll Emporium.
 41130 | Elf:3    | Bought 3 scrolls of teleportation for 135 gold pieces
 41130 | Elf:3    | Bought a scroll of blinking for 112 gold pieces
 41130 | Elf:3    | Bought a scroll of identify for 30 gold pieces
 41130 | Elf:3    | Bought a scroll of identify for 30 gold pieces
 41130 | Elf:3    | Bought a scroll of enchant armour for 112 gold pieces
 41130 | Elf:3    | Bought a scroll of teleportation for 45 gold pieces
 41568 | Elf:3    | Found a radiant altar of Vehumet.
 42102 | Elf:3    | Reached skill level 16 in Fire Magic
 42110 | Elf:3    | Reached skill level 10 in Dodging
 42111 | Elf:3    | Offered knowledge of Fire Storm by Vehumet.
 42111 | Elf:3    | Offered knowledge of Chain Lightning by Vehumet.
 42111 | Elf:3    | Offered knowledge of Tornado by Vehumet.
 42841 | Elf:3    | Reached skill level 15 in Earth Magic
 42956 | Elf:3    | Identified Plog's Incunabulum of Aerial Poisoning
 43024 | Elf:3    | Got a crude brass ring
 43025 | Elf:3    | Identified the ring of Winem {Str+2 Int+3 Dex+6} (You found
                  | it on level 3 of the Elven Halls)
 43069 | Elf:3    | Got a shimmering silver ring
 43070 | Elf:3    | Identified the ring of Mutualism {EV+4 Int+2} (You found it
                  | on level 3 of the Elven Halls)
 43683 | Spider:4 | Noticed Kirke
 43688 | Spider:4 | Killed Kirke
 44785 | Spider:4 | Reached XP level 20. HP: 100/124 MP: 19/35
 45920 | Spider:4 | Got a gossamer rune of Zot
 46255 | Shoals:4 | Entered Level 4 of the Shoals
 46327 | Shoals:3 | Killed Ge0ff's ghost
 46604 | Shoals:4 | Reached skill level 17 in Fire Magic
 46992 | Shoals:4 | Identified the Guide on the Quantum Arsonist
 47895 | Shoals:4 | Noticed Roxanne
 47899 | Shoals:4 | Killed Roxanne
 47943 | Shoals:4 | Got a barnacled rune of Zot
 48587 | Vaults:1 | Entered Level 1 of the Vaults
 48658 | Vaults:1 | Reached XP level 21. HP: 124/130 MP: 37/37
 48810 | Vaults:1 | Noticed a golden dragon
 48810 | Vaults:1 | an iron giant changed into a golden dragon
 48814 | Vaults:1 | Killed a golden dragon
 51184 | Vaults:2 | Reached skill level 18 in Fire Magic
 51451 | Vaults:2 | Found Fuggata's Magic Scroll Shop.
 51459 | Vaults:2 | Bought a scroll of acquirement for 936 gold pieces
 51460 | Vaults:2 | Acquired a +4 eveningstar of protection
 51545 | Vaults:2 | Bought a scroll of identify for 36 gold pieces
 51545 | Vaults:2 | Bought a scroll of teleportation for 54 gold pieces
 51545 | Vaults:2 | Bought a scroll of identify for 36 gold pieces
 51545 | Vaults:2 | Bought a scroll of identify for 36 gold pieces
 51545 | Vaults:2 | Bought a scroll of magic mapping for 63 gold pieces
 51545 | Vaults:2 | Bought 2 scrolls of teleportation for 108 gold pieces
 51545 | Vaults:2 | Bought a scroll of magic mapping for 63 gold pieces
 51545 | Vaults:2 | Bought a scroll of summoning for 171 gold pieces
 52064 | Vaults:2 | Reached XP level 22. HP: 107/137 MP: 32/39
 52829 | Vaults:3 | Learned a level 9 spell: Shatter
 53076 | Vaults:3 | Reached skill level 15 in Conjurations
 53561 | Vaults:3 | Paralysed by a great orb of eyes for 6 turns
 54356 | Vaults:3 | Found a staircase to the Crypt.
 55245 | Vaults:4 | Lost mutation: You expend magic power (3 MP) to strengthen
                  | your wands. [potion of mutation]
 55245 | Vaults:4 | Lost mutation: You have sharp fingernails. [potion of
                  | mutation]
 55245 | Vaults:4 | Gained mutation: You are dopey. (Int -2) [potion of
                  | mutation]
 55245 | Vaults:4 | Gained mutation: You are partially covered in molten
                  | scales. (AC +2) [potion of mutation]
 55246 | Vaults:4 | Lost mutation: You are partially covered in molten scales.
                  | (AC +2) [potion of mutation]
 55246 | Vaults:4 | Gained mutation: You passively map a small area around you.
                  | [potion of mutation]
 55246 | Vaults:4 | Gained mutation: You are robust. (+10% HP) [potion of
                  | mutation]
 55247 | Vaults:4 | Lost mutation: You are dopey. (Int -2) [potion of mutation]
 55247 | Vaults:4 | Lost mutation: You passively map a small area around you.
                  | [potion of mutation]
 55247 | Vaults:4 | Lost mutation: You are robust. (+10% HP) [potion of
                  | mutation]
 55247 | Vaults:4 | Gained mutation: You are dopey. (Int -2) [potion of
                  | mutation]
 55247 | Vaults:4 | Gained mutation: You evolve. [potion of mutation]
 55247 | Vaults:4 | Gained mutation: You have large cloven feet. [potion of
                  | mutation]
 55488 | Vaults:4 | Identified the +6 kite shield of Dim Light {SInv}
 55519 | Vaults:4 | Reached skill level 19 in Fire Magic
 55519 | Vaults:4 | Reached XP level 23. HP: 103/144 MP: 25/40
 55540 | Vaults:4 | Identified the +9 long sword of Adeitob {vorpal, Stlth+}
 55686 | Vaults:4 | Gained mutation: You expend magic power (3 MP) to
                  | strengthen your wands. [evolution]
 55782 | Vaults:4 | Found a runed translucent gate.
 55782 | Vaults:4 | Found a runed translucent gate.
 55782 | Vaults:4 | Found a runed translucent gate.
 55783 | Vaults:4 | Noticed Erghig's ghost (adept DrIE)
 55795 | Vaults:4 | Killed Erghig's ghost
 55928 | Vaults:4 | Identified the +2 hat "Guceg" {rElec MP+9 Dex+3 SInv} (You
                  | found it on level 4 of the Vaults)
 56695 | Vaults:5 | Entered Level 5 of the Vaults
 56698 | Vaults:5 | Reached skill level 15 in Fighting
 56843 | Vaults:5 | Reached XP level 24. HP: 65/151 MP: 41/41
 57089 | Vaults:5 | Noticed an ancient lich
 57095 | Vaults:5 | Killed an ancient lich
 57423 | Vaults:5 | Reached skill level 20 in Fire Magic
 57813 | Vaults:5 | Found the +8 orange crystal plate armour {Archmagi, Int+3
                  | Clar}
 57832 | Vaults:5 | Identified the Catalogue of Destructive Bewitchment
 57960 | Vaults:5 | Got a silver rune of Zot
 58333 | Vaults:5 | Got a fine turquoise ring
 58334 | Vaults:5 | Identified the ring of Lady Luck {rN+ Dex+7} (You found it
                  | on level 5 of the Vaults)
 58337 | Vaults:5 | Got a sparkling copper ring
 58338 | Vaults:5 | Identified the ring of Xom's Approval {Fire rElec Str+7}
                  | (You found it on level 5 of the Vaults)
 58395 | Vaults:5 | Noticed an ancient lich
 58398 | Vaults:5 | Killed an ancient lich
 58514 | Vaults:5 | Identified the +7 quarterstaff "Beush" {freeze, rF+ rC+
                  | Dex-4} (You found it on level 5 of the Vaults)
 58623 | Vaults:5 | Found the +4 skin of Zhor {Englaciate rC+++ SInv}
 58636 | Vaults:5 | Identified the cursed +0 leather armour of the Sacrificial
                  | Victim {Dex+7} (You found it on level 5 of the Vaults)
 58894 | Crypt:1  | Entered Level 1 of the Crypt
 59390 | Crypt:1  | Paralysed by a vampire knight for 3 turns
 59426 | Crypt:1  | Noticed an ancient lich
 59431 | Crypt:1  | Killed an ancient lich
 59462 | Crypt:1  | Identified the Disquisition on Lethal Bewitchment
 59652 | Crypt:1  | Learned a level 8 spell: Necromutation
 60133 | Crypt:2  | Noticed Donald
 60134 | Crypt:2  | Reached skill level 1 in Transmutations
 60137 | Crypt:2  | Killed Donald
 60141 | Crypt:2  | Reached XP level 25. HP: 145/157 MP: 22/41
 60273 | Crypt:2  | Found a basalt altar of Yredelemnul.
 60278 | Crypt:2  | Reached skill level 1 in Necromancy
 60425 | Crypt:2  | Lost mutation: You are dopey. (Int -2) [evolution]
 60482 | Crypt:2  | Found an ancient bone altar of Kikubaaqudgha.
 60843 | Crypt:3  | Entered Level 3 of the Crypt
 61015 | Crypt:3  | Reached skill level 15 in Maces & Flails
 61046 | Crypt:3  | Noticed an ancient lich
 61051 | Crypt:3  | Killed an ancient lich
 61126 | Crypt:3  | Found a basalt altar of Yredelemnul.
 61143 | Crypt:3  | Identified the ring of Neasiful {+Fly rN+ Int+4 Dex-4 SInv}
                  | (You found it on level 3 of the Crypt)
 61144 | Crypt:3  | Identified the ring "Bola" {rN+ Str+2} (You found it on
                  | level 3 of the Crypt)
 61145 | Crypt:3  | Identified the ring "Yvvaoqum" {rN+ Dex+5} (You found it on
                  | level 3 of the Crypt)
 61719 | Crypt:3  | Found a staircase to the Tomb.
 61723 | Crypt:3  | Identified the Catalogue of Transmigration and Calling
 62145 | Crypt:3  | Identified the +2 great mace "Giantbane" {vorpal, rPois
                  | rC+} (You found it on level 3 of the Crypt)
 62426 | Depths:1 | Entered Level 1 of the Depths
 63573 | Depths:1 | Got a bound pewter ring
 63574 | Depths:1 | Identified the ring of Dishonesty {*Corrode rC+ rN+ Dex+6}
                  | (You found it on level 1 of the Depths)
 64045 | Depths:1 | Found a gateway to Hell.
 64263 | Depths:2 | Reached skill level 21 in Fire Magic
 64362 | Depths:2 | Reached XP level 26. HP: 157/164 MP: 32/41
 64363 | Depths:2 | Identified the +8 short sword "Zidev" {flame, +Inv rPois
                  | rC+}
 64363 | Depths:2 | Noticed the Enchantress
 64368 | Depths:2 | Killed the Enchantress
 64368 | Depths:2 | Reached skill level 15 in Spellcasting
 64522 | Depths:2 | Got a faintly glowing tin ring
 64523 | Depths:2 | Identified the ring "Ataroopi" {rPois MP+9 Dex+6} (You
                  | found it on level 2 of the Depths)
 65188 | Depths:2 | Found a bloodstained altar of Trog.
 65260 | Depths:2 | Gained mutation: Your muscles are strong. (Str +2)
                  | [evolution]
 66583 | Depths:3 | Learned a level 9 spell: Fire Storm
 66953 | Depths:3 | Found a hide-covered altar of Uskayaw.
 67353 | Depths:3 | Paralysed by a floating eye for 2 turns
 67358 | Depths:3 | Reached skill level 5 in Transmutations
 68005 | Depths:3 | Found a corrupted altar of Lugonu.
 68162 | Depths:3 | Found a one-way gate leading to the halls of Pandemonium.
 68300 | Depths:3 | Reached skill level 5 in Necromancy
 68513 | Depths:4 | Noticed a juggernaut
 68514 | Depths:4 | Reached XP level 27. HP: 137/171 MP: 9/42
 68525 | Depths:4 | Killed a juggernaut
 68556 | Depths:4 | Acquired 4230 gold pieces
 69008 | Depths:4 | Reached skill level 15 in Dodging
 70061 | Depths:5 | Entered Level 5 of the Depths
 70558 | Depths:5 | Found a gateway to a ziggurat.
 70579 | Depths:5 | Reached skill level 22 in Fire Magic
 70676 | Depths:5 | Gained mutation: You can translocate small distances at
                  | will. [evolution]
 71257 | Depths:5 | Found a gate to the Realm of Zot.
 71529 | Zig:1    | Entered Level 1 of a ziggurat
 71548 | Zig:2    | Entered Level 2 of a ziggurat
 71572 | Zig:3    | Entered Level 3 of a ziggurat
 71689 | Zig:3    | Identified the Grimoire of the Unstable Frostbite
 71698 | Zig:4    | Entered Level 4 of a ziggurat
 71893 | Zig:5    | Entered Level 5 of a ziggurat
 71909 | Zig:5    | Identified the +1 leather armour "Silerois" {Harm rN+
                  | Str-5} (You found it on level 5 of a ziggurat)
 71920 | Zig:6    | Entered Level 6 of a ziggurat
 72131 | Zig:6    | Identified the cursed +3 eveningstar "Lav Bukk" {flame, rF+
                  | Stlth+} (You found it on level 6 of a ziggurat)
 72139 | Zig:7    | Entered Level 7 of a ziggurat
 72287 | Zig:7    | Got a pitted bone amulet
 72288 | Zig:7    | Identified the amulet of Muys {RegenMP rC+ Dex+4} (You
                  | found it on level 7 of a ziggurat)
 72304 | Zig:7    | Identified the Disquisition on Changing and Venom
 72313 | Zig:8    | Entered Level 8 of a ziggurat
 72319 | Zig:8    | Noticed Bauj the pandemonium lord
 72322 | Zig:8    | Noticed Yweetri the pandemonium lord
 72331 | Zig:8    | Killed Yweetri the pandemonium lord
 72332 | Zig:8    | Killed Bauj the pandemonium lord
 72687 | Zig:9    | Entered Level 9 of a ziggurat
 72691 | Zig:9    | Noticed Qumaaz's ghost (legendary HuIE)
 72726 | Zig:9    | HP: 1/173 [Qumaaz's ghost/chain lightning (9)]
 72726 | Zig:9    | Killed from afar by Qumaaz's ghost

Illustrated notes

Levels and vault maps discovered:
D:1:      dpeg_arrival_radiant, layout_basic
D:2:      layout_loops_corners, nicolae_tso_carved_into_rock,
          nicolae_overflow_hidden_temple
D:3:      layout_basic, gammafunk_ghost_smash, elyvilon_altar_3
D:4:      layout_cave_pods, serial_shops, shop, grunt_ministairs_12,
          minmay_gold_behind_fungi, xom_confusion_cloud
D:5:      layout_basic
D:6:      layout_basic, temple_pool_b, bloody_trog
D:7:      layout_basic, kennysheep_generic_room_6
D:8:      layout_basic, david_lair_shrubbed, uniq_maggie
D:9:      layout_loops_ring, gammafunk_temple_overflow_claw,
          hangedman_glass_teeth, minmay_holes, minmay_shop_enchanted_jewellery,
          nicolae_gozag_seed_capital
D:10:     layout_layer_cave, kennysheep_cluttered_room, st_stairs_3
D:11:     layout_basic, orc_0_dummy, roderic_three_in_a_row, minmay_hedge_maze,
          bh_hangedman_babel_library
D:12:     layout_roguey, uniq_fannar
D:13:     layout_irregular_city
D:14:     layout_roguey [special_room_orc], erik_vaults_2, serial_shops,
          bzr_entry_lakeside, portal_ice_cave_entry_animals_and_master,
          chequers_decorated_corner, minmay_guarded_unrand_vampires_tooth
D:15:     gammafunk_enter_depths_forms, layout_loops_corners,
          chequers_serial_rivers_micro_b
Temple:   minmay_freezing_vapour_temple
Lair:1:   layout_chaotic_city, minmay_lair_oklob_bushes, grunt_megastairs_4
Lair:2:   layout_regular_city, elwin_shoals_entry_stream,
          nicolae_volcano_entry_hallway, gauntlet_entry_generic, st_stairs_11,
          worms_lemuel
Lair:3:   layout_long_grid, chequers_serial_rivers_micro_e,
          minmay_shattered_shrine
Lair:4:   layout_cave_pods, dummy_spider_entry, serial_bayou_shore_a
Lair:5:   layout_loops_ring, uniq_urug
Lair:6:   due_jungle_book, layout_cave_shapes, dpeg_slime_entry_enclosed_altar
Shoals:1: nicolae_shoals_island_circles, layout_shoals, serial_shops, shop,
          uniq_aizul
Shoals:2: layout_shoals, nicolae_shoals_water_elemental_grotto
Shoals:3: layout_shoals, gammafunk_ghost_abyssal_escape,
          nicolae_shoals_circle_sea_wall, nicolae_shoals_loop_pool, uniq_ilsuiw
Shoals:4: shoals_end_grunt_ice, layout_shoals, uniq_roxanne
Spider:1: layout_spider_delve
Spider:2: layout_chambers, uniq_arachne
Spider:3: layout_spider_delve
Spider:4: floodkiller_spider_rune_tomb, uniq_kirke
Orc:1:    layout_caves, serial_shops, nicolae_shop_trees
Orc:2:    st_orc_town, layout_caves, special_room
Elf:1:    eino_elf_arrival_sip, layout_loops_corners, evilmike_minifort,
          minivault_19, serial_sigils_hangedman_etch
Elf:2:    layout_geoelf_octagon, serial_shops, nicolae_shop_crystal,
          guppyfry_elf_castle
Elf:3:    minmay_elf_hall, layout_geoelf_castle, basic_altar, serial_shops,
          shop, corner_web_ring
Vaults:1: ontoclasm_vaults_decontamination, v_alt_pattern_1, v_pattern_2,
          vaults_room_semicircle, nicolae_vaults_specimen_jars,
          nicolae_vaults_asterisk, layout_vaults_omnigrid
Vaults:2: ontoclasm_vaults_spin, vaults_room_boxed,
          nicolae_vaults_ring_of_whatevers, vaults_room_stairs_pillars,
          nicolae_vaults_stairing_the_circle, vaults_room_guarded_vault,
          v_pattern_5, hangedman_vaults_slice, hangedman_vaults_maws, v_misc_19,
          vaults_mumra_chevron, nicolae_vaults_shelves_hall, v_misc_25,
          layout_vaults_ring, serial_shops, shop
Vaults:3: v_misc_2, vaults_mumra_hexcomb, minmay_crypt_entry_simple_plaza,
          vaults_dpeg_hooks, nicolae_vaults_border_crossing,
          nicolae_vaults_alarming, layout_vaults_big_room
Vaults:4: gammafunk_vaults_ghost_spectres, v_misc_10, v_rooms_5,
          v_alt_pattern_1, st_greater_box_2, nicolae_vaults_inception_corners,
          v_misc_3, vaults_room_door_ring, vaults_room_grunt_arrival_ludios,
          v_pattern_1, vaults_room_stairs_pillars, vaults_dpeg_encased_lava,
          v_misc_23, v_misc_15, nicolae_vaults_theta, vaults_room_grid,
          layout_vaults_omnibox
Vaults:5
Crypt:1:  layout_basic, grunt_ministairs_10, st_shrine_of_skulls
Crypt:2:  layout_regular_city, basic_altar, lemuel_hellish_altar, uniq_donald
Crypt:3:  cryptofortress_bobbens
Depths:1: layout_cave_pools, lightli_too_deep, minmay_misc_feat_encased,
          ice2_lemuel
Depths:2: spriggan_forest, hell_entry
Depths:3: evilmike_hourglass, layout_basic, grunt_pan_entry_zigzag,
          abyss_entry_flame_altar, lemuel_crystal_altar, pf_hell_entry_tar_river
Depths:4: minmay_two_paths, layout_long_grid, pf_coc_iceberg, pan_entry,
          minmay_misc_feat_chi, abyss_entry, infiniplex_staircase_pillars_1,
          serial_bayou_shore_b
Depths:5: evilmike_zot_entry_diamond, layout_cave_pools, enter_ziggurat_f,
          hell_entry, chequers_jeans
Zig:9

Skill      XL: |  1  2  3  4  5  6  7  8  9 10 11 12 13 14 15 16 17 18 19 20 21 22 23 24 25 26 27 |
---------------+----------------------------------------------------------------------------------+-----
Earth Magic    | 4 5 6 7 8 9 10 11 12 13 14 15 16 17 18 19 20 21 | 21.7
Spellcasting   | 3 4 5 6 7 8 9 10 11 12 13 14 15 | 15.9
Conjurations   | 1 2 3 4 5 6 7 8 9 10 11 12 13 14 15 16 17 18 | 18.3
Armour         | 2 3 5 6 |  6.0
Fighting       | 2 3 5 6 7 9 10 11 12 13 14 15 16 17 | 17.8
Maces & Flails | 2 3 4 5 7 8 9 10 11 12 13 14 15 16 | 16.5
Evocations     | 1 3 4 5 6 |  6.0
Dodging        | 2 3 4 5 6 7 8 9 10 11 12 13 14 15 | 15.7
Fire Magic     | 5 12 14 15 16 17 18 19 20 21 22 | 22.0
Transmutations | 1 3 5 7 |  7.1
Necromancy     | 3 5 7 |  7.0
Stealth        | |  2.1

Action                   |  1- 3 |  4- 6 |  7- 9 | 10-12 | 13-15 | 16-18 | 19-21 | 22-24 | 25-27 || total
-------------------------+-------+-------+-------+-------+-------+-------+-------+-------+-------++-------
Melee: Unarmed           |    12 |       |       |       |       |       |       |       |       ||    12
       Short sword       |   136 |    35 |       |       |       |       |       |       |       ||   171
       Long sword        |       |   147 |   127 |       |       |       |       |       |       ||   274
       Great mace        |       |       |   105 |   417 |   600 |   719 |   565 |   412 |   748 ||  3566
 Cast: Sandblast         |    20 |    16 |    22 |    21 |     8 |    18 |       |       |     1 ||   106
       Stone Arrow       |       |     1 |       |    10 |       |       |       |       |       ||    11
       Lee's Rapid Decon |       |       |     5 |    20 |    41 |    73 |    38 |    31 |    22 ||   230
       Iron Shot         |       |       |       |       |     4 |    72 |    55 |    25 |    40 ||   196
       Starburst         |       |       |       |       |       |    52 |     3 |       |     2 ||    57
       Orb of Destructio |       |       |       |       |       |     5 |       |       |       ||     5
       Fireball          |       |       |       |       |       |    26 |     2 |     6 |       ||    34
       Ignition          |       |       |       |       |       |    10 |    83 |    54 |    43 ||   190
       Shatter           |       |       |       |       |       |       |       |    46 |   113 ||   159
       Fire Storm        |       |       |       |       |       |       |       |       |    27 ||    27
 Abil: Evoke Flight      |       |       |       |       |     1 |       |       |       |       ||     1
       Fly               |       |       |       |       |       |     1 |       |       |       ||     1
Evoke: Wand              |       |       |     2 |     8 |     9 |       |     1 |       |     1 ||    21
       Condenser vane    |       |       |       |     2 |     3 |     2 |       |       |       ||     7
       Tin of tremorston |       |       |       |       |     1 |    11 |     1 |       |       ||    13
       Box of beasts     |       |       |       |       |       |       |       |       |     1 ||     1
  Use: Scroll            |       |     7 |    10 |    10 |    19 |    14 |    19 |    13 |    16 ||   108
       Potion            |       |     1 |     2 |     1 |    11 |     2 |    10 |    13 |     7 ||    47
 Stab: Distracted        |     1 |     1 |       |       |     1 |     1 |     1 |     2 |     6 ||    13
       Sleeping          |       |     2 |     3 |     6 |     3 |     4 |     5 |       |       ||    23
Armor: Robe              |    80 |   106 |   175 |     5 |   157 |       |       |       |       ||   523
       Steam dragon scal |       |       |       |   260 |   274 |   738 |   565 |   322 |   196 ||  2355
       Acid dragon scale |       |       |       |       |       |       |       |       |   368 ||   368
Dodge: Dodged            |   142 |   126 |   241 |   399 |   649 |   945 |   914 |   435 |   791 ||  4642
       Rpst.: Long sword |       |    26 |    38 |       |       |       |       |       |       ||    64

Table legend: (Time is in decaauts)
 A = Elapsed time spent in this place.
 B = Non-inter-level travel time spent in this place.
 C = Inter-level travel time spent in this place.
 D = Time resting spent in this place.
 E = Time spent auto-exploring this place.
 F = Levels seen in this place.
 G = Mean time per level.
                   A        B        C        D        E       F      G
               +--------+--------+--------+--------+--------+-----+--------+
         Total |  73536 |  69449 |   4087 |  16063 |  38380 |  60 | 1225.6 |
       Dungeon |  17963 |  16739 |   1224 |   2006 |  10313 |  15 | 1197.5 |
        Temple |     12 |      7 |      5 |      0 |      0 |   1 |   12.0 |
          Lair |   9502 |   8740 |    762 |   1984 |   5360 |   6 | 1583.7 |
        Shoals |   5957 |   5544 |    413 |   1486 |   3132 |   4 | 1489.2 |
   Spider Nest |   6622 |   6183 |    439 |   1857 |   3310 |   4 | 1655.5 |
  Orcish Mines |   2322 |   2075 |    247 |    493 |   1051 |   2 | 1161.0 |
   Elven Halls |   5562 |   5414 |    148 |   1978 |   2021 |   3 | 1854.0 |
        Vaults |  10404 |   9960 |    444 |   2771 |   5412 |   5 | 2080.8 |
         Crypt |   3354 |   3106 |    248 |     71 |   2192 |   3 | 1118.0 |
        Depths |   8668 |   8516 |    152 |   1949 |   4757 |   5 | 1733.6 |
      Ziggurat |   1186 |   1186 |      0 |    887 |      0 |   9 |  131.8 |
        Bazaar |    134 |    134 |      0 |     30 |     66 |   1 |  134.0 |
      Ice Cave |    805 |    805 |      0 |    311 |    245 |   1 |  805.0 |
      Gauntlet |   1037 |   1037 |      0 |    240 |    520 |   1 | 1037.0 |
               +--------+--------+--------+--------+--------+-----+--------+

Top non-repeatable levels by time:
Vaults:4: 2935 daAuts
   Elf:3: 2488 daAuts
Vaults:2: 2410 daAuts
Depths:2: 2339 daAuts
Spider:2: 2292 daAuts
  Lair:6: 2203 daAuts
  Lair:4: 2183 daAuts
Vaults:1: 2073 daAuts
    D:15: 1920 daAuts
Depths:3: 1901 daAuts
Depths:4: 1900 daAuts
Spider:4: 1896 daAuts
    D:14: 1876 daAuts
   Elf:1: 1823 daAuts
  Lair:3: 1785 daAuts
